 Dungeon Crawl Stone Soup version 0.28.0-45-g0d030f2227 (webtiles) character file.

Game seed: 8823641927811558020

19 Ablot the Grasshopper (level 2, -1/26 HPs)
             Began as a Gnoll Warper on Apr 5, 2022.
             Frozen to death by an endoplasm (4 damage)
             ... on level 1 of the Dungeon.
             The game lasted 00:00:50 (1009 turns).

Ablot the Grasshopper (Gnoll Warper)                Turns: 1009, Time: 00:00:51

Health: -1/26      AC:  3    Str: 10    XL:     2   Next: 75%
Magic:  7/7        EV: 12    Int: 12    God:
Gold:   40         SH:  0    Dex: 11    Spells: 8/10 levels left

rFire   . . .      SeeInvis .   h - +0 dagger (venom)
rCold   . . .      Faith    .   (no shield)
rNeg    . . .      Spirit   .   b - +0 leather armour
rPois   .          Reflect  .   (no helmet)
rElec   .          Harm     .   (no cloak)
rCorr   +          Rampage  .   (no gloves)
Will    .....                   (no boots)
Stlth   +.........              (no amulet)
HPRegen 0.08/turn               k - ring of resist corrosion
MPRegen 0.10/turn               (no ring)

@: no status effects
A: fangs 1, strong nose, distributed training
a: no special abilities


You were on level 1 of the Dungeon.
You visited 1 branch of the dungeon, and saw 2 of its levels.

You collected 40 gold pieces.

Inventory:

Hand Weapons
 a - a +0 spear
 h - a +0 dagger of venom (weapon)
Missiles
 d - 5 boomerangs of dispersal
 e - 69 stones
 f - 2 poisoned darts (quivered)
Armour
 b - a +0 leather armour (worn)
Jewellery
 k - a ring of resist corrosion (left hand)
Scrolls
 c - a scroll of blinking
 g - a scroll of identify {unknown}
 j - a scroll of fog {unknown}
Potions
 i - a potion of curing {unknown}


   Skills:
 + Level 4.5 Fighting
 + Level 0.5 Short Blades
 + Level 0.5 Long Blades
 + Level 0.5 Axes
 + Level 0.5 Maces & Flails
 + Level 4.5 Polearms
 + Level 0.5 Staves
 + Level 0.5 Slings
 + Level 0.5 Bows
 + Level 0.5 Crossbows
 + Level 2.5 Throwing
 + Level 2.5 Armour
 + Level 4.5 Dodging
 + Level 0.5 Stealth
 + Level 0.5 Shields
 + Level 0.5 Unarmed Combat
 + Level 4.9 Spellcasting
 + Level 0.3 Conjurations
 + Level 0.3 Hexes
 + Level 0.3 Summonings
 + Level 0.3 Necromancy
 + Level 5.3 Translocations
 + Level 0.3 Transmutations
 + Level 0.3 Fire Magic
 + Level 0.3 Ice Magic
 + Level 0.3 Air Magic
 + Level 0.3 Earth Magic
 + Level 0.3 Poison Magic
 + Level 0.6 Invocations
 + Level 0.5 Evocations


You had 8 spell levels left.
You knew the following spells:

 Your Spells              Type           Power      Damage    Failure   Level
a - Blink                 Tloc           30%        N/A       4%          2

Your spell library contained the following spells:

 Spells                   Type           Power      Damage    Failure   Level
 Gell's Gravitas          Tloc           15%        N/A       9%          3
 Lesser Beckoning         Tloc           15%        N/A       9%          3
 Teleport Other           Tloc           15%        N/A       9%          3
 Manifold Assault         Tloc           15%        N/A       63%         5
 Petrify                  Tmut/Erth      3%         N/A       92%         4
 Metabolic Englaciation   Hex/Ice        1%         N/A       99%         5
 Statue Form              Tmut/Erth      2%         N/A       100%        6


Dungeon Overview and Level Annotations

Branches:
Dungeon (2/15)

Altars:


Innate Abilities, Weirdness & Mutations

You have very sharp teeth.
Your uncanny sense of smell can sniff out nearby items.
Your experience applies equally to all skills.


Message History

The bat barely misses you. The rat barely misses you.
The endoplasm freezes you.
You are frozen.
The bat closely misses you.
You miss the bat. The bat completely misses you. The bat barely misses you.
The bat hits you but does no damage. The endoplasm freezes you.
You are frozen.
The bat barely misses you. The rat barely misses you. The bat hits you.
You barely miss the bat. The bat misses you.
The bat hits you but does no damage. The endoplasm misses you.
The rat barely misses you. The frilled lizard barely misses you.
The bat hits you but does no damage. The bat hits you but does no damage.
The bat barely misses you. The endoplasm hits you. The rat closely misses you.
The frilled lizard bites you. The endoplasm freezes you.
You are frozen.
You climb upwards.
There is a stone staircase leading down here.
You hit the bat.
You kill the bat!
The rat closely misses you. The endoplasm hits you.
The frilled lizard bites you but does no damage.
The endoplasm freezes you.
You are frozen.
* * * LOW HITPOINT WARNING * * *
The frilled lizard closely misses you.
You see here a bat corpse.
You closely miss the rat. The rat barely misses you.
You hit the rat.
The rat is poisoned.
The rat is severely wounded.
You kill the rat!
You hit the frilled lizard but do no damage.
The frilled lizard barely misses you.
You hit the frilled lizard.
You kill the frilled lizard!
You hit the endoplasm but do no damage. The endoplasm freezes you.
You are frozen.
You die...

#############
##############.'.....#....
#......JJ@)....#####.#.###
##...♣..>######.#....[#....
#####...♣_♣..# #.#.#########
#........♣...# #.#..........
#............# #.###########
#.........#..# #.#.#
#......####..######.#.#########
##....## #....................
###.## #..#......#.#########


You could see 2 endoplasms.

Vanquished Creatures
  A dart slug (D:1)
  2 ball pythons
  2 bats
  2 giant cockroaches (D:1)
  3 goblins (D:1)
  A hobgoblin (D:1)
  2 frilled lizards (D:1)
  2 kobolds (D:1)
  3 rats (D:1)
18 creatures vanquished.

Notes
Turn   | Place    | Note
-------+----------+-------------------------------------------
     0 | D:1      | Ablot the Gnoll Warper began the quest for the Orb.
     0 | D:1      | Reached XP level 1. HP: 20/20 MP: 6/6
   384 | D:1      | Reached XP level 2. HP: 26/26 MP: 7/7
   427 | D:1      | Learned a level 2 spell: Blink
   572 | D:1      | Found a faded altar of an unknown god.
  1009 | D:1      | Frozen to death by an endoplasm

Illustrated notes

Levels and vault maps discovered:
D:1:      erik_arrival_cave_to_civilisation [erik_arrival_cave_to_hall],
          layout_basic, chequers_ecumenical_altar_simple,
          roderic_serpentine_path
D:2:      layout_basic, minmay_guardbox

Action                   || total
-------------------------++-------
Melee: Spear             ||    36
       Dagger            ||    16
 Stab: Sleeping          ||     1
Armor: Leather armour    ||    12
Dodge: Dodged            ||    36
